Map: Pillars of Gold LE

Players

goblin

  • Race: Protoss Protoss
  • League: Grandmaster
  • Spawn Location: 1:00

Krystianer - Winner!

  • Race: Protoss Protoss
  • League: Grandmaster
  • Spawn Location: 7:00

Event: DreamHack SC2 Masters 2020 Winter

VOD

Have the link to the VOD?

Description

Time

  • Played on: Oct. 28, 2020, 12:12 p.m.
  • Length: 8:38

All games in this series

Show
View Real Time Build Order
Export as new Build Order

goblin Protoss 

Build Orders: Oracle Opening 

Get SALT Encoding   

  12  0:00  Probe  
  13  0:12  Probe  
  14  0:17  Pylon  
  14  0:24  Probe (Chrono Boost)  
  15  0:36  Probe (Chrono Boost)  
  15  0:39  Gateway  
  16  0:45  Probe (Chrono Boost)  
  16  0:47  Assimilator  
  17  0:50  Probe  
  18  1:03  Probe (Chrono Boost)  
  18  1:04  Assimilator  
  19  1:13  Probe (Chrono Boost)  
  19  1:18  Probe (Chrono Boost)  
  20  1:20  Gateway  
  21  1:29  Cybernetics Core  
  21  1:31  Probe  
  22  1:39  Pylon  
  22  1:44  Probe  
  23  1:58  Probe  
  24  2:06  Stalker  
  24  2:07  Stalker  
  28  2:09  Warp Gate  
  28  2:22  Stargate  
  28  2:43  Nexus  
  28  2:50  Pylon  
  28  2:53  Probe  
  29  3:05  Oracle (Chrono Boost)  
  29  3:12  Shield Battery, Probe  
  32  3:24  Probe (Chrono Boost)  
  33  3:35  Oracle  
  33  3:37  Probe (Chrono Boost)  
  33  3:39  Pylon  
  37  3:45  Probe (Chrono Boost)  
  38  3:53  Robotics Facility  
  39  3:56  Probe (Chrono Boost)  
  39  3:57  Probe (Chrono Boost)  
  40  4:05  Probe (Chrono Boost)  
  40  4:07  Probe (Chrono Boost)  
  42  4:11  Stalker  
  42  4:13  Stalker  
  46  4:18  Shield Battery, Void Ray (Chrono Boost)  
  41  4:46  Immortal (Chrono Boost)  
  41  4:49  Pylon  
  42  5:09  Pylon  
  41  5:17  Immortal (Chrono Boost)  
  39  5:40  Stalker, Adept  
  38  6:01  Pylon, Probe  
  39  6:20  Sentry x2  
  39  6:22  Gateway  
  43  6:29  Warp Prism (Chrono Boost)  
  45  6:43  Sentry  
  45  6:44  Pylon  
  47  6:50  Pylon  
  47  7:16  Sentry x2  
  47  7:17  Sentry  
  53  7:33  Nexus  
  51  7:49  Probe  
  52  7:52  Stalker, Sentry  
  52  7:55  Stalker  
  58  8:19  Adept x2  
  62  8:21  Pylon  
Show
View Real Time Build Order
Export as new Build Order

Krystianer Protoss - Winner!

Build Orders:  

Get SALT Encoding   

  12  0:00  Probe  
  13  0:12  Probe  
  14  0:17  Pylon  
  14  0:24  Probe (Chrono Boost)  
  15  0:37  Probe (Chrono Boost)  
  15  0:38  Gateway  
  16  0:43  Probe (Chrono Boost)  
  16  0:46  Assimilator  
  17  0:51  Probe  
  18  0:57  Assimilator  
  18  1:04  Probe (Chrono Boost)  
  19  1:13  Probe (Chrono Boost)  
  19  1:14  Gateway  
  20  1:18  Probe (Chrono Boost)  
  21  1:26  Cybernetics Core  
  21  1:30  Probe  
  22  1:37  Pylon  
  22  1:42  Probe  
  23  1:55  Probe  
  24  2:03  Stalker, Sentry  
  24  2:04  Warp Gate  
  29  2:14  Pylon  
  28  2:29  Stalker  
  30  2:33  Stalker  
  32  2:47  Pylon  
  32  3:02  Nexus  
  32  3:12  Gateway  
  32  3:18  Stalker (Chrono Boost)  
  34  3:23  Stalker (Chrono Boost)  
  36  3:33  Shield Battery  
  36  3:55  Stalker x2  
  40  4:06  Stalker  
  41  4:16  Stalker  
  43  4:18  Stalker  
  43  4:19  Probe x2  
  43  4:44  Stalker x3  
  47  4:58  Probe  
  45  5:08  Stalker x2  
  45  5:09  Sentry  
  45  5:10  Probe  
  45  5:12  Probe  
  53  5:22  Probe  
  53  5:25  Probe  
  54  5:34  Probe (Chrono Boost)  
  54  5:37  Stalker  
  54  5:41  Probe (Chrono Boost)  
  55  5:46  Probe (Chrono Boost)  
  55  5:49  Sentry  
  57  5:53  Probe x2 (Chrono Boost)  
  58  6:00  Probe (Chrono Boost)  
  58  6:01  Twilight Council, Probe (Chrono Boost)  
  60  6:10  Pylon  
  61  6:11  Probe (Chrono Boost)  
  61  6:12  Probe (Chrono Boost)  
  61  6:17  Probe (Chrono Boost)  
  60  6:19  Robotics Facility, Probe  
  62  6:28  Stalker  
  62  6:33  Blink (Chrono Boost)  
  62  6:34  Stalker  
  62  6:49  Gateway  
  62  6:53  Stalker x2  
  66  7:01  Shield Battery  
  66  7:03  Pylon  
  66  7:20  Probe x2  
  68  7:22  Stalker  
  68  7:23  Stalker  
  68  7:24  Stalker  
  68  7:27  Pylon  
  73  7:43  Probe x2  
  73  7:49  Sentry  
  75  7:53  Gateway, Zealot x2  
  75  7:56  Pylon  
  79  7:58  Adept  
  79  7:59  Probe  
  79  8:00  Probe  
  77  8:25  Stalker x4  
Tags
 
Add a new tag
Caveats
  • Supply blocks, unpowered buildings, or Contaminate may cause inaccurate times.
  • Supply counts are checked every 10 seconds.